 Dungeon Crawl Stone Soup version 0.29.0-13-gc9e81de378 (webtiles) character file.

Game seed: 1842635599949854319

80 styxcanada the Sneak (level 4, 0/23 HPs)
             Began as a Spriggan Brigand on Sept 8, 2022.
             Killed from afar by an orc wizard (10 damage)
             ... with a magic dart
             ... on level 4 of the Dungeon.
             The game lasted 00:08:29 (2777 turns).

styxcanada the Sneak (Spriggan Brigand)             Turns: 2777, Time: 00:08:29

Health: 0/23       AC:  3    Str:  7    XL:     4   Next: 18%
Magic:  5/5        EV: 17    Int: 12    God:
Gold:   105        SH:  0    Dex: 18    Spells: 3/3 levels left

rFire   . . .      SeeInvis +   a - +2 dagger
rCold   . . .      Faith    .   (no shield)
rNeg    . . .      Spirit   .   b - +0 robe
rPois   .          Reflect  .   (helmet restricted)
rElec   .          Harm     .   c - +0 cloak
rCorr   .          Rampage  .   (gloves unavailable)
Will    .....                   (boots unavailable)
Stlth   ++++......              (no amulet)
HPRegen 0.07/turn               (no ring)
MPRegen 0.09/turn               (no ring)

@: very quick
A: very small, no large weapons, unfitting armour, see invisible, speed 3
a: no special abilities


You were on level 4 of the Dungeon.
You visited 1 branch of the dungeon, and saw 4 of its levels.

You collected 105 gold pieces.

Inventory:

Hand Weapons
 a - a +2 dagger (weapon)
 g - a +0 sling
Missiles
 d - 3 poisoned darts (quivered)
 e - 3 curare-tipped darts
 f - 36 stones
 s - a throwing net
Armour
 b - a +0 robe (worn)
 c - a +0 cloak (worn)
Scrolls
 l - 2 scrolls of vulnerability {unknown}
 n - 2 scrolls of summoning {unknown}
 p - a scroll of immolation {unknown}
 q - a scroll of poison {unknown}
 r - a scroll of noise {unknown}
 t - a scroll of torment {unknown}
Potions
 j - a potion of heal wounds
 k - a potion of cancellation
 o - 2 potions of ambrosia {unknown}


   Skills:
 * Level 1.9 Fighting
 + Level 3.0 Short Blades
 + Level 2.1 Throwing
 * Level 2.2 Dodging
 * Level 7.3 Stealth


You had 3 spell levels left.
You didn't know any spells.
Your spell library was empty.

Dungeon Overview and Level Annotations

Branches:
Dungeon (4/15)
 Temple: D:4-7

Altars:
Xom


Innate Abilities, Weirdness & Mutations

You are very small and have problems with some larger weapons.
You are too small for most types of armour.
You have supernaturally acute eyesight. (SInv)
You cover ground extremely quickly. (Speed+++)


Message History

You hit the orc wizard.
The orc wizard is almost dead.
The orc wizard hits you with a +0 dagger.
You closely miss the orc wizard.
The orc wizard is almost dead.
The orc wizard completely misses you.
You barely miss the orc wizard.
The orc wizard is almost dead.
The orc wizard barely misses you.
The orc wizard shouts!
You hit the orc wizard.
You kill the orc wizard!
Your Short Blades skill increases to level 3!
You have reached level 4!
There is an open gate here.
Throw: 5 darts (poison)
Press: ? - help, Q - select action, (/) - cycle Shift-Dir - straight line, f - orc
Aim: an orc, wielding a +0 mace and wearing a +0 ring mail (65% to hit)
You throw a poisoned dart. The poisoned dart hits the orc.
The orc is poisoned.
Throw: 4 darts (poison)
Press: ? - help, Q - select action, (/) - cycle Shift-Dir - straight line, f/p - orc
Aim: an orc, wielding a +0 mace and wearing a +0 ring mail (lightly wounded, poisoned, 65% to hit)
You throw a poisoned dart. The poisoned dart hits the orc.
The orc looks even sicker.
The orc is lightly wounded.
You kill the orc!
You see here a +0 club.
You closely miss the orc wizard.
The orc wizard is heavily wounded.
You barely miss the orc wizard.
The orc wizard is heavily wounded.
The orc wizard hits you with a +0 dagger.
You hit the orc wizard.
The orc wizard is heavily wounded.
The orc wizard closely misses you.
You hit the orc wizard.
The orc wizard is severely wounded.
The orc wizard gestures at you while chanting.
The magic dart hits you!
You die...

##### #≈≈≈# #≈.≈# #≈.≈#
#≈.≈# #≈.≈# #≈.≈# #≈.≈#
#########♣@♣#########
#..#≈≈≈≈≈≈≈♣♣o♣♣≈≈≈≈≈≈≈#
#..#≈........♣........≈#
#..#≈≈≈≈≈≈≈♣♣)♣♣≈≈≈≈≈≈≈#
#..#########♣.♣#########
#......# #≈.≈# #......##
#≈o≈# #...!..# #≈.≈#
#......# #≈.≈#


You could see an orc wizard.

Vanquished Creatures
  An orc wizard (D:4)
  A worm (D:2)
  A dart slug (D:3)
  2 orcs (D:4)
  6 bats
  4 endoplasms
  2 giant cockroaches
  7 goblins
  4 hobgoblins (D:1)
  3 jackals (D:1)
  A quokka (D:4)
  5 ball pythons
  3 kobolds (D:2)
  5 rats
45 creatures vanquished.

Notes
Turn   | Place    | Note
-------+----------+-------------------------------------------
     0 | D:1      | styxcanada the Spriggan Brigand began the quest for the
                  | Orb.
     0 | D:1      | Reached XP level 1. HP: 10/10 MP: 2/2
    62 | D:1      | Reached skill level 6 in Stealth
   235 | D:1      | Reached XP level 2. HP: 15/15 MP: 3/3
   772 | D:1      | Found a faded altar of an unknown god.
  1102 | D:2      | Reached skill level 7 in Stealth
  1142 | D:2      | Reached XP level 3. HP: 18/18 MP: 4/4
  1761 | D:3      | Found a shimmering altar of Xom.
  2747 | D:4      | Reached XP level 4. HP: 10/23 MP: 5/5
  2777 | D:4      | Killed from afar by an orc wizard

Illustrated notes

Levels and vault maps discovered:
D:1:      scummos_arrival_forest, layout_basic, ebering_ecumenical_altar_hall
D:2:      layout_loops_corners, minmay_tromino_v7
D:3:      layout_basic, mainiacjoe_overflow_surrounded_room
D:4:      layout_cave_pods, kennysheep_mini_moat, temple_statues, serial_shops,
          nicolae_shop_waterfront, kennysheep_cross_bottleneck,
          uniq_blork_the_orc, uniq_duvessa

Skill      XL: |  1  2  3 |
---------------+----------+-----
Stealth        | 6 7 |  7.3
Dodging        | 2 |  2.2
Short Blades   | 3 |  3.0
Fighting       | |  1.9
Throwing       | |  2.1

Action                   |  1- 3 |  4- 6 || total
-------------------------+-------+-------++-------
Melee: Dagger            |    93 |     4 ||    97
Throw: Dart              |    13 |     2 ||    15
  Use: Scroll            |     5 |       ||     5
 Stab: Sleeping          |    14 |       ||    14
Armor: Robe              |    13 |       ||    13
Dodge: Dodged            |    61 |     1 ||    62
